[Event "Szansa Chess Open 2022"]
[Site "Warsaw"]
[Date "2022.09.18"]
[Round "11.5"]
[White "Bartkiewicz, Pawel"]
[Black "Kozak, Antoni"]
[Result "0-1"]
[ECO "B91"]
[WhiteElo "1938"]
[BlackElo "2434"]
[Annotator "ChessBase"]
[PlyCount "96"]
[EventDate "2022.09.17"]
[EventCountry "POL"]
[SourceTitle "playchess.com"]
[Source "ChessBase"]
[SourceQuality "1"]
[TimeControl "900+10"]

1. e4 c5 2. Nf3 d6 3. d4 cxd4 4. Nxd4 Nf6 5. Nc3 a6 6. g3 g6 7. Bg2 Bg7 8. O-O Bg4 9. Qd3 Qc8 10. Be3 Nbd7 11. Nd5 Ne5 12. Qd2 Nc4 13. Qc3 Nxd5 14. exd5 Qc5 15. b4 Qc8 16. Rfe1 Nxe3 17. Qxe3 O-O 18. Qd3 Bf6 19. c4 a5 20. a3 Qc7 21. Rac1 axb4 22. axb4 Qb6 23. Nb5 Bd7 24. Nc3 Ra3 25. b5 Rc8 26. Bf1 Qa5 27. Re3 Bg5 28. f4 Bf6 29. Qd2 h5 30. Kh1 Kg7 31. Qe1 Bd4 32. Rxe7 Bxc3 33. Rxc3 Qxc3 34. Qxc3+ Rxc3 35. Rxd7 Re8 36. Kg1 Rc2 37. Rxd6 Re1 38. Rd7 Rcc1 39. Rxb7 Rxf1+ 40. Kg2 Rfd1 41. Rc7 Rxd5 42. b6 Rd2+ 43. Kf3 Rb2 44. c5 Rc4 45. b7 Rb3+ 46. Ke2 Rc2+ 47. Kd1 Rxh2 48. Re7 Rb1# 0-1

[Event "Szansa Chess Open 2022"]
[Site "Warsaw"]
[Date "2022.09.18"]
[Round "11.6"]
[White "Mulawa, Cyprian"]
[Black "Kowalski, Igor"]
[Result "0-1"]
[ECO "B11"]
[WhiteElo "2149"]
[BlackElo "2344"]
[Annotator "ChessBase"]
[PlyCount "94"]
[EventDate "2022.09.17"]
[EventCountry "POL"]
[SourceTitle "playchess.com"]
[Source "ChessBase"]
[SourceQuality "1"]
[TimeControl "900+10"]

1. e4 c6 2. Nc3 d5 3. Nf3 Bg4 4. h3 Bxf3 5. Qxf3 e6 6. g3 d4 7. Nd1 h5 8. Bg2 h4 9. d3 Nd7 10. O-O Bd6 11. Bf4 Qc7 12. c3 Bxf4 13. Qxf4 Qxf4 14. gxf4 c5 15. b4 dxc3 16. Nxc3 cxb4 17. Nb5 Ke7 18. e5 Nh6 19. Nd6 Nf5 20. Bxb7 Rab8 21. Nxf5+ exf5 22. Bg2 Nc5 23. d4 Nd3 24. d5 Nxf4 25. Rad1 Rhd8 26. Rfe1 Rb5 27. Rd4 Nxg2 28. Kxg2 Rdxd5 29. Rxh4 a5 30. Rh7 Rxe5 31. Rxe5+ Rxe5 32. Rxg7 Re2 33. h4 Rxa2 34. h5 Rc2 35. h6 Rc8 36. h7 Rh8 37. Rg8 Rxh7 38. Ra8 Rh6 39. Ra7+ Kd8 40. Rxa5 Rb6 41. Rxf5 b3 42. Rd5+ Kc7 43. Rd1 b2 44. Rb1 Kc6 45. Kf3 Kc5 46. Ke3 Kc4 47. Kd2 Kb3 0-1

[Event "Szansa Chess Open 2022"]
[Site "Warsaw"]
[Date "2022.09.18"]
[Round "11.7"]
[White "Czarnecka, Lidia"]
[Black "Lewicki, Miroslaw"]
[Result "0-1"]
[ECO "B90"]
[WhiteElo "1957"]
[BlackElo "2336"]
[Annotator "ChessBase"]
[PlyCount "133"]
[EventDate "2022.09.17"]
[EventCountry "POL"]
[SourceTitle "playchess.com"]
[Source "ChessBase"]
[SourceQuality "1"]
[TimeControl "900+10"]

1. e4 c5 2. Nf3 d6 3. d4 cxd4 4. Nxd4 Nf6 5. Nc3 a6 6. Bc4 e6 7. Bb3 Qc7 8. O-O b5 9. Re1 Bb7 10. f3 Nc6 11. Be3 Be7 12. Qd2 O-O 13. a3 Ne5 14. Qf2 Nc4 15. Bxc4 Qxc4 16. Nb3 a5 17. Red1 a4 18. Nd2 Qc6 19. Qg3 Rfc8 20. f4 e5 21. Qf3 b4 22. axb4 a3 23. b5 Qc7 24. b6 Qb8 25. Bf2 axb2 26. Rab1 Ra3 27. Nb3 Nxe4 28. Nxe4 f5 29. Rxb2 Bxe4 30. Qe2 Qb7 31. Be3 exf4 32. Bxf4 Qxb6+ 33. Be3 Qb4 34. Bd4 Qc4 35. Qxc4+ Rxc4 36. c3 Rca4 37. Nd2 Ra1 38. Rxa1 Rxa1+ 39. Kf2 Bd5 40. Nf3 g5 41. Ne1 Kf7 42. Nd3 Be4 43. Rd2 g4 44. Be3 Bh4+ 45. g3 Bf6 46. Bd4 Rh1 47. Ke3 Bg5+ 48. Nf4 h5 49. Bb6 h4 50. Bc7 d5 51. Rf2 hxg3 52. hxg3 Rh3 53. Kd4 Rxg3 54. Be5 Bxf4 55. Rxf4 Rd3+ 56. Kc5 Ke6 57. Bd4 g3 58. Rf1 g2 59. Re1 Rf3 60. Ra1 Rf1 61. Ra6+ Kf7 62. Ra7+ Kg6 63. Rg7+ Kh5 64. Kd6 f4 65. Ke5 f3 66. Be3 f2 67. Kd4 0-1

[Event "Szansa Chess Open 2022"]
[Site "Warsaw"]
[Date "2022.09.18"]
[Round "11.8"]
[White "Kokoszczynski, Jan"]
[Black "Padalka, Artem"]
[Result "1-0"]
[ECO "A67"]
[WhiteElo "2313"]
[BlackElo "2184"]
[Annotator "ChessBase"]
[PlyCount "97"]
[EventDate "2022.09.17"]
[EventCountry "POL"]
[SourceTitle "playchess.com"]
[Source "ChessBase"]
[SourceQuality "1"]
[TimeControl "900+10"]

1. d4 Nf6 2. c4 c5 3. d5 e6 4. Nc3 exd5 5. cxd5 d6 6. e4 g6 7. f4 Bg7 8. Bb5+ Nfd7 9. Nf3 a6 10. Bd3 b5 11. O-O O-O 12. Kh1 c4 13. Bc2 Nc5 14. Be3 Qc7 15. Bd4 f6 16. a3 Bg4 17. h3 Bxf3 18. Qxf3 Nbd7 19. Rae1 Rab8 20. h4 a5 21. h5 Ne5 22. Qg3 Ned3 23. Re3 Qf7 24. Bxc5 Nxc5 25. e5 fxe5 26. hxg6 Qf6 27. gxh7+ Kh8 28. f5 b4 29. axb4 Rxb4 30. Ne4 Nxe4 31. Rxe4 Rc8 32. Rg4 Rxb2 33. Rg6 Rxc2 34. Rxf6 Bxf6 35. Qg6 Rf8 36. g4 e4 37. g5 Be5 38. f6 Rh2+ 39. Kg1 Rxh7 40. Qxe4 c3 41. g6 Rg8 42. g7+ Rhxg7+ 43. fxg7+ Rxg7+ 44. Kf2 a4 45. Qxa4 Rh7 46. Qe8+ Kg7 47. Rg1+ Kf6 48. Qg6+ Ke7 49. Qxh7+ 1-0

[Event "Szansa Chess Open 2022"]
[Site "Warsaw"]
[Date "2022.09.18"]
[Round "11.9"]
[White "Chomczyk, Marek"]
[Black "Niezhentsev, Kyrylo"]
[Result "1-0"]
[ECO "B23"]
[WhiteElo "2327"]
[BlackElo "2009"]
[Annotator "ChessBase"]
[PlyCount "45"]
[EventDate "2022.09.17"]
[EventCountry "POL"]
[SourceTitle "playchess.com"]
[Source "ChessBase"]
[SourceQuality "1"]
[TimeControl "900+10"]

1. e4 c5 2. Nc3 e6 3. Nf3 Nc6 4. Bb5 a6 5. Bxc6 bxc6 6. d4 d5 7. O-O cxd4 8. Nxd4 Bb7 9. exd5 cxd5 10. Qg4 Nf6 11. Qg3 g6 12. Bg5 Bg7 13. Rae1 O-O 14. Qh4 Rc8 15. Nd1 Re8 16. Ne3 h5 17. f4 a5 18. g4 hxg4 19. c3 e5 20. fxe5 Rxe5 21. Bxf6 Bxf6 22. Qxf6 Qe8 23. Nef5 1-0

[Event "Szansa Chess Open 2022"]
[Site "Warsaw"]
[Date "2022.09.18"]
[Round "11.10"]
[White "Smieszek, Wojciech"]
[Black "Siekanska, Maria"]
[Result "1-0"]
[ECO "B90"]
[WhiteElo "2082"]
[BlackElo "2029"]
[Annotator "TA"]
[PlyCount "93"]
[EventDate "2022.09.17"]
[EventCountry "POL"]
[SourceTitle "playchess.com"]
[Source "ChessBase"]
[SourceQuality "1"]
[TimeControl "900+10"]

1. e4 c5 2. Nf3 d6 3. d4 cxd4 4. Nxd4 Nf6 5. Nc3 a6 6. Be3 e6 7. Bd3 Be7 8. O-O O-O 9. f4 Nc6 10. Qf3 Nb4 {[%emt 0:02:36] B80: Sicilian Scheveningen: 6 g3 and 6 Be3, including English Attack.} 11. Rae1 Nxd3 (11... e5 {looks sharper.} 12. Nf5 Bxf5 13. exf5 Re8) 12. cxd3 Qc7 {[%emt 0:00:20] [#] White has an edge.} 13. Rc1 $146 ({Predecessor:} 13. g4 Nd7 14. g5 Rb8 15. Qh5 Rd8 16. f5 Ne5 17. Re2 g6 18. Qh3 Bf8 19. Rf4 {1-0 (30) Sailer,H (1933)-Peleikis,H (2063) Magdeburg 2015}) 13... Qd8 14. Qg3 Re8 15. Rf2 e5 16. fxe5 dxe5 17. Nf5 ({But not} 17. Qxe5 $2 Ng4 18. Qh5 Nxe3 $19) 17... Bxf5 18. Rxf5 Qxd3 19. Rd1 Qc4 20. Bh6 g6 21. Rdf1 Qe6 (21... Bc5+ $1 $17 22. Kh1 Nh5 $1 ) 22. Kh1 {[%emt 0:01:18] White is more active.} (22. Rxe5 $14 Qd7 23. Ref5) 22... Kh8 (22... Bd8 $15) 23. Rxe5 $14 Qc4 24. Ref5 Nh5 25. Qe5+ Bf6 26. Qc5 Qxc5 27. Rxc5 {[%emt 0:00:02] Black should prevent g4.} Bxc3 28. Rxc3 Rxe4 29. h3 Re7 30. Rfc1 Rae8 31. Rc7 {[%emt 0:00:20] aiming for Rxe7.} Ng3+ 32. Kh2 {[%emt 0:00:05] Intending Rxe7 and mate.} Nf5 33. Rxe7 Nxe7 $11 {[%emt 0:00:02][%mdl 4096] Endgame KRB-KRN} 34. Rc7 Nf5 35. Bg5 Nd6 36. Rd7 Ne4 37. Bh6 f5 ({Better is} 37... Kg8 $14) 38. Rxb7 $18 Nd6 39. Rd7 (39. Ra7 $18) 39... Nc4 40. b3 Ne3 (40... Ne5 $142 41. Ra7 Kg8 42. Rxa6 Nf7) 41. Ra7 Nf1+ 42. Kg1 Ng3 43. Rxa6 f4 {[%emt 0:00:03] [#] ( -> ...Re1+)} 44. Kf2 {[%emt 0:00:55] Prevents Re1.} Ne4+ 45. Kf3 g5 46. Ra4 Re6 (46... Nc3 $18) 47. Ra8+ {[%emt 0:00:03] Weighted Error Value: White=0.23 (precise) /Black=0.48} 1-0

[Event "Szansa Chess Open 2022"]
[Site "Warsaw"]
[Date "2022.09.18"]
[Round "11.11"]
[White "Derylo, Kamil"]
[Black "Jarzebowski, Kacper"]
[Result "1-0"]
[ECO "A45"]
[WhiteElo "2143"]
[BlackElo "2106"]
[Annotator "TA"]
[PlyCount "95"]
[EventDate "2022.09.17"]
[EventCountry "POL"]
[SourceTitle "playchess.com"]
[Source "ChessBase"]
[SourceQuality "1"]
[TimeControl "900+10"]

1. d4 Nf6 2. Bg5 Ne4 3. h4 c5 4. d5 g6 5. Nd2 Nxg5 6. hxg5 {[%emt 0:00:02] A45: Trompowsky Attack.} Bg7 7. c3 d6 8. Ngf3 {[%emt 0:00:28] The position is equal.} O-O (8... h6 $11) 9. Qa4 $16 {[%emt 0:00:43] [#]} e5 $146 ({Predecessor:} 9... f5 10. Qh4 Kf7 11. e4 e6 12. Bd3 exd5 13. exf5 Qe8+ 14. Kf1 Bxf5 15. Bxf5 gxf5 16. Re1 Qb5+ 17. c4 Qd7 18. Qh5+ Kg8 19. Qxh7+ Kf7 20. Rh6 {1-0 (20) Rodriguez Gonzalez,J (2261)-Darrigues,A (1991) San Sebastian 2007}) 10. Qh4 {[%emt 0:00:37][%csl Gh1][%cal Rh4h7] White is much more active.} (10. e3 {is interesting.} Bf5 11. Qh4 h5 12. gxh6 Bf6 13. Qg3) 10... h5 11. gxh6 Qxh4 {[%emt 0:00:03][%mdl 64] Remove Defender} 12. Rxh4 Bf6 13. Rh1 Bf5 14. e4 Bd7 15. a4 $36 {[%emt 0:00:34][%mdl 2048] Keeping Black busy.} Na6 16. Bd3 Nc7 17. Ke2 Kh7 18. Nc4 {[%emt 0:01:42] Pair of Knights!} Be7 {[%emt 0:00:14] [#]} 19. Nfxe5 $1 dxe5 20. d6 Bxd6 21. Nxd6 Bc6 22. Bc4 f6 23. f3 a6 24. b4 (24. Rhd1 $16) 24... b5 $11 25. axb5 axb5 {[%emt 0:00:01] And now ...cxb4 would win.} 26. Bd5 Bxd5 27. exd5 c4 (27... cxb4 $1 $15 {keeps the upper hand.} 28. cxb4 (28. Rxa8 Rxa8 29. cxb4 Ra2+ 30. Kd3 Rxg2 $17) 28... Rxa1 29. Rxa1 Nxd5) 28. Rhd1 $2 (28. Rxa8 $1 $18 Rxa8 29. Rd1) 28... Kxh6 $2 (28... Rxa1 $11 {and Black is okay.} 29. Rxa1 Nxd5) 29. Rxa8 $18 Rxa8 $11 {[%emt 0:00:30][%mdl 4096] Endgame KRN-KRN} 30. Ne4 Kg7 31. Nc5 $1 {[%emt 0:00:24] Black must now prevent d6.} Kf7 32. d6 Ne6 {[%emt 0:00:00] [#]} 33. d7 ({White should play} 33. Ke3 $1 $16) 33... Nf4+ $14 34. Kf1 Ke7 35. Nb7 Ne6 {Against d8R} 36. Nc5 Rd8 {[%emt 0:00:36] ...Nxc5 is the strong threat.} 37. Rd5 ({Of course not} 37. Nxe6 Kxe6 38. Ra1 Rxd7 $17) 37... Nf4 (37... Nxc5 $15 38. Rxc5 Rxd7) 38. Rd2 Nd3 (38... f5 $5 ) 39. Nxd3 Rxd7 {[%emt 0:00:07][%mdl 64] Pin} 40. Ke2 cxd3+ 41. Rxd3 $11 {[%emt 0:00:01] KR-KR} Rc7 42. Kd2 Ke6 43. Rd8 Kf5 44. Rb8 Rd7+ $1 45. Ke2 Rd5 {[%emt 0:00:02] [#]} (45... Rc7 $11) 46. Rb6 (46. Ke3 $1 $16) 46... g5 $2 (46... Kg5 $11) 47. Rc6 g4 48. fxg4+ {[%emt 0:00:00] Weighted Error Value: White=0.27 (precise) /Black=0.41} 1-0

[Event "Szansa Chess Open 2022"]
[Site "Warsaw"]
[Date "2022.09.18"]
[Round "11.12"]
[White "Janeczko, Jakub"]
[Black "Kulesza, Andrzej"]
[Result "1-0"]
[ECO "B20"]
[WhiteElo "2159"]
[BlackElo "2014"]
[Annotator "TA"]
[PlyCount "137"]
[EventDate "2022.09.17"]
[EventCountry "POL"]
[SourceTitle "playchess.com"]
[Source "ChessBase"]
[SourceQuality "1"]
[TimeControl "900+10"]

1. e4 c5 2. d3 Nc6 3. g3 g6 4. Bg2 Bg7 5. f4 e6 6. Nf3 Nge7 7. O-O d5 8. c3 b6 {[%emt 0:00:21] B20: Sicilian: Unusual White 2nd moves.} 9. e5 Ba6 10. Na3 Qd7 {[%emt 0:00:17] The position is equal.} 11. Nc2 Rd8 12. Re1 d4 13. c4 {[%emt 0:00:02] [#]} Bb7 $146 ({Predecessor:} 13... Nf5 14. b3 Bb7 15. g4 Ne3 16. Bxe3 dxe3 17. Rxe3 h5 18. g5 h4 19. Bh3 Ba8 {1-0 (52) Morovic Fernandez,I (2565)-Ricardi,P (2465) Buenos Aires 1992}) 14. Bd2 O-O 15. Re2 Rde8 16. Be1 (16. b4 $14) 16... h5 (16... Nf5 $11 {was preferrable.}) 17. h3 {[%emt 0:00:06] [#]} (17. b4 $14 {stays ahead.}) 17... f6 $1 $17 18. exf6 Rxf6 (18... Bxf6 $17 19. Bd2 Nf5) 19. Bf2 (19. b4 $11) 19... Nf5 (19... Rf5 $5 ) 20. g4 hxg4 21. hxg4 Nfe7 22. Bg3 Ref8 ({Black should play} 22... Rff8 $1 $15) 23. Qd2 R6f7 24. Ng5 Rf6 (24... e5 $1 $11 25. Nxf7 Rxf7) 25. Ne4 R6f7 26. Ng5 $1 $36 {[%emt 0:01:10][%csl LRe6,LRf7][%mdl 2048] White has good play.} Rf6 {[%emt 0:00:04] [#]} 27. Rae1 $1 Nd8 28. Bxb7 Qxb7 29. Ne4 (29. Rh2 $18) 29... R6f7 $16 30. Ng5 {[%emt 0:01:33][%csl LRe6,LRf7] White is more active.} Rf6 {[%emt 0:00:04] White stays focused until the end.} 31. Rh2 {[%emt 0:00:14] Inhibits Bh6.} Qc7 (31... b5 $142 32. cxb5 Nd5) 32. Qg2 $18 {[%emt 0:01:01] And now Qh3 would win.} Re8 $2 (32... Rxf4 {is a better defense.} 33. Qh3 R8f6) 33. Qh3 Qd7 34. Qh7+ (34. Qh4 Rf7 35. b4 Bf6 $18) 34... Kf8 35. Qh3 Kg8 $1 36. Ne4 (36. Qh4 Rf7 37. b4 Bf6 $18) 36... Rf7 37. Bh4 Rxf4 $2 {[%emt 0:00:28] [#]} (37... Kf8 38. Ng5 Nec6) 38. Nf6+ $1 Rxf6 (38... Bxf6 39. Bxf6) 39. Bxf6 {[%emt 0:00:03] Threatening mate with Qh7+.} Bxf6 40. Qh7+ (40. g5 $2 Bg7 41. Rf1 Nf7 42. Qh7+ (42. Qh4 $2 Kf8 $19) 42... Kf8 $19) 40... Kf8 41. Rf1 Nf7 42. Rxf6 Ng8 43. Rxg6 {[%emt 0:00:05] White threatens Rf2 and mate.} Ke7 44. Rxg8 {[%emt 0:00:10] Intending Rf2 and mate.} Rxg8 45. Qxg8 Qd6 46. Qh7 {[%emt 0:00:14] Threatens to win with Rf2.} ({Inferior is} 46. Rh7 Qg3+ 47. Kf1 (47. Kh1 Qf3+ 48. Kh2 Qf2+ 49. Kh3 Qf3+ 50. Kh4 Qh1+ 51. Kg3 Qg1+ 52. Kf3 Qf1+ 53. Kg3 Qg1+ 54. Kh3 Qh1+ 55. Kg3 Qg1+ $11) 47... Qxd3+ 48. Ke1 Qg3+ 49. Kf1 (49. Kd1 Qf3+ 50. Ke1 Qg3+ 51. Kd2 Qg2+ 52. Kd3 Qf3+ 53. Kd2 Qg2+ 54. Ke1 Qg3+ $11) 49... Qf3+ 50. Kg1 Qg3+ 51. Kh1 Qf3+ 52. Kh2 Qf2+ 53. Kh3 Qf3+ 54. Kh4 Qh1+ 55. Kg3 Qg1+ 56. Kf3 Qf1+ 57. Ke4 Qe2+ 58. Kf4 Qf1+ 59. Kg3 Qg1+ 60. Kh3 Qh1+ 61. Kg3 Qg1+ $11) 46... Qg3+ 47. Rg2 Qf4 48. Rf2 Qxg4+ 49. Kf1 {[%emt 0:00:23] White mates.} Kd6 50. Rxf7 Qg3 51. Ne1 a5 52. a4 Qe5 53. Rd7+ Kc6 54. Qe4+ Qxe4 55. dxe4 Kxd7 {[%emt 0:00:01] KN-KP} 56. Ke2 Ke7 57. Kf3 Kf6 58. Kf4 e5+ 59. Kg4 Kg6 60. Nd3 Kf6 61. Kh5 Ke6 62. Kg6 b5 63. axb5 a4 64. Ne1 Ke7 65. Kf5 Kd6 66. Kf6 Kc7 67. Kxe5 Kb6 68. Kd6 Ka5 69. Nd3 {[%emt 0:00:02] Weighted Error Value: White=0.65/Black=0.59} 1-0

[Event "Szansa Chess Open 2022"]
[Site "Warsaw"]
[Date "2022.09.18"]
[Round "11.13"]
[White "Fiszer, Bartosz"]
[Black "Khamidov, Abdulla"]
[Result "1-0"]
[ECO "B39"]
[WhiteElo "2232"]
[BlackElo "1804"]
[Annotator "TA"]
[PlyCount "129"]
[EventDate "2022.09.17"]
[EventCountry "POL"]
[SourceTitle "playchess.com"]
[Source "ChessBase"]
[SourceQuality "1"]
[TimeControl "900+10"]

1. e4 c5 2. Nf3 Nc6 3. d4 cxd4 4. Nxd4 g6 5. c4 Bg7 6. Be3 Nf6 7. Nc3 Ng4 8. Qxg4 Nxd4 9. Qd1 Nc6 10. Be2 O-O {[%emt 0:00:03] B39: Sicilian: Maroczy Bind with 5...Bg7 and 7...Ng4.} 11. O-O d6 (11... Bxc3 $11 12. bxc3 d6) 12. f4 ({Better is} 12. Rc1 $14) 12... f5 {[%emt 0:00:07] The position is equal.} (12... Bxc3 $5 13. bxc3 b6 $11) 13. Qd2 Be6 14. Rad1 Qa5 15. exf5 {[%emt 0:00:07] [#]} Bxf5 $146 ({Predecessor:} 15... gxf5 16. Rfe1 Rfd8 17. Bf1 Bf7 18. Bf2 Rd7 19. Qc2 e6 20. a3 Qd8 21. b4 Rc8 {1-0 (42) Almeida Junior,A (2133)-Reis,V (1753) Araruama 2021}) 16. Bf3 Be6 17. Bxc6 ({White should try} 17. Nd5 $14) 17... bxc6 (17... Bxc3 $5 18. Qxc3 Qxc3 19. bxc3 bxc6 $11) 18. Bd4 Bxd4+ ({But not} 18... Bxc4 19. Bxg7 Rf7 20. Bd4 Bxf1 21. Rxf1 $16) 19. Qxd4 Qb6 20. b3 Bg4 21. Na4 Qxd4+ 22. Rxd4 c5 23. Re4 Rae8 24. Rfe1 Rf7 25. Nc3 Bf5 26. R4e3 Bd7 27. Nd5 Kf8 $1 28. g3 Bh3 29. Nc3 a6 30. Ne4 {[%emt 0:00:04][%cal Oe4d6] [#] aiming for Nxd6!} Bd7 31. h4 h6 32. Nc3 Bc6 33. Re6 Rf6 34. R6e3 Kf7 35. Nd1 h5 (35... g5 $142 36. fxg5 (36. hxg5 hxg5 37. fxg5 Rg6 $11) 36... hxg5) 36. Nf2 $11 {[%emt 0:00:05] Hoping for Nh3.} Rf5 37. Nh3 {[%emt 0:00:05] And now Ng5+ would win.} e5 38. Rd3 exf4 (38... Ke7 $1 $14) 39. Rxe8 $16 Bxe8 40. Nxf4 $14 {[%emt 0:00:37][%mdl 4096] Endgame KRB-KRN} (40. Rxd6 $14 Rf6 41. Rxf6+ Kxf6 42. Nxf4) 40... g5 (40... Ke7 $1 $11) 41. hxg5 ({Reject} 41. Nxh5 gxh4 42. g4 Rg5 43. Rxd6 Rxg4+ 44. Kf2 h3 $11) 41... Rxg5 42. Rxd6 Rxg3+ 43. Kf2 Rg4 44. Nxh5 {[%emt 0:00:42] White is more active.} Ke7 45. Rd5 {[%emt 0:00:05] [#] Re5+ is the strong threat.} Bc6 {[%emt 0:00:15] This move loses the game for Black.} (45... Rh4 $16 {was necessary.}) 46. Rxc5 $18 Kd6 47. Ra5 Rg2+ 48. Ke3 Rh2 49. Nf4 Kc7 $2 (49... Bb7 50. Kd4 Rf2) 50. Rxa6 Kb7 51. Ra5 Kb6 52. b4 Rb2 53. a3 Rb3+ 54. Kd4 Rf3 55. Nd5+ Kb7 56. b5 Be8 57. b6 {[%emt 0:00:07] White mates.} Bc6 58. Ra7+ Kb8 59. a4 Rb3 60. a5 Rb1 61. Kc5 Bb7 62. a6 Bxd5 63. Kxd5 Rxb6 64. Rb7+ $1 Rxb7 65. axb7 {[%emt 0:00:01] Weighted Error Value: White=0.16 (very precise) /Black=0.38} 1-0

[Event "Szansa Chess Open 2022"]
[Site "Warsaw"]
[Date "2022.09.18"]
[Round "11.14"]
[White "Klim, Filip"]
[Black "Lapaj, Mateusz"]
[Result "1/2-1/2"]
[ECO "C15"]
[WhiteElo "2011"]
[BlackElo "2216"]
[Annotator "TA"]
[PlyCount "99"]
[EventDate "2022.09.17"]
[EventCountry "POL"]
[SourceTitle "playchess.com"]
[Source "ChessBase"]
[SourceQuality "1"]
[TimeControl "900+10"]

1. e4 e6 2. d4 d5 3. Nc3 Bb4 4. Nge2 dxe4 5. a3 Be7 6. Nxe4 Nf6 7. N2g3 Nxe4 {[%emt 0:00:10] C15: French: 3 Nc3 Bb4: Unusual White 4th moves.} 8. Nxe4 Nc6 9. Be3 O-O 10. c3 (10. Qd2 $11 {keeps the balance.}) 10... f5 $1 $17 11. Nc5 f4 12. Bd2 Bxc5 13. dxc5 {[%emt 0:00:01] [#]} Qg5 $146 ({Predecessor:} 13... Qd5 14. Qa4 f3 15. g3 Qxc5 16. Be3 Qa5 17. Qh4 e5 18. Bc4+ Kh8 19. a4 Nd4 {1-0 (32) Theodorakopoulos,G (2045)-Foukakis,T (2180) Poros 1998}) 14. Qf3 Qxc5 (14... e5 $17 {White must now prevent ...Qg6.} 15. h4 Qf6) 15. O-O-O $2 (15. Bxf4 $14 {stays ahead.} e5 16. Be3 Rxf3 17. Bxc5) 15... e5 $1 16. Bd3 Bf5 17. Bxf5 Rxf5 18. Kb1 Re8 19. Rhe1 Rf7 20. Re4 Rd8 {[%emt 0:00:50] Threatens to win with ...Rfd7.} 21. Be1 Rfd7 22. Rxd7 Rxd7 23. Qe2 Qd5 24. Kc2 b5 ({Reject} 24... f3 $6 25. Qxf3 b5 26. Qe2 $11 (26. Kb1 g6 $11)) ({Black should play} 24... h6 $17 25. Kc1 Qd6) 25. Rxf4 $15 Qxg2 26. Rg4 Qd5 27. f4 e4 28. Rg5 Qd3+ 29. Qxd3 exd3+ {[%emt 0:00:01][%mdl 4096] Endgame KRB-KRN} 30. Kd1 $1 a6 31. Rg3 $2 (31. a4 $15) 31... Na5 $1 $19 32. Bf2 Nb3 33. Bd4 c5 $1 ({Inferior is} 33... Nxd4 34. Rxd3 c5 35. cxd4 $17) 34. Be5 c4 35. h4 Na5 36. h5 Nc6 37. Bf6 Rf7 38. Bg5 Ne7 39. h6 $2 (39. Bxe7 Rxe7 40. b3) 39... Nd5 40. Kd2 Nxf4 $2 ({Better is} 40... g6 $19 41. Rf3 Rf8) 41. Bxf4 $11 Rxf4 42. Rxg7+ $19 {[%emt 0:00:02] KR-KR} Kf8 43. Rxh7 Rf2+ 44. Kc1 $1 Rh2 45. Rh8+ (45. a4 $1 $11 {was the only way to keep the balance.}) 45... Kf7 $17 {[%emt 0:00:07] Strongly threatening ...Kg6.} 46. h7 $2 (46. a4 $17) 46... Rh1+ 47. Kd2 Rh2+ 48. Kc1 $1 {[%emt 0:00:02][%cal Oa3a4] [#]} Rh1+ (48... Kg6 $142 $1 49. Ra8 Rxh7) 49. Kd2 $19 {[%emt 0:00:01][%cal Oa3a4] [#]} Rh2+ (49... Kg6 $142 $1 50. Ra8 Rxh7 51. Rxa6+ Kf5) 50. Kc1 $1 {[%emt 0:00:39][%mdl 32768] Weighted Error Value: White=0.33/Black=0.62. An unexpected result.} 1/2-1/2

[Event "Szansa Chess Open 2022"]
[Site "Warsaw"]
[Date "2022.09.18"]
[Round "11.15"]
[White "Tsiapko, Andrii"]
[Black "Smieszek, Wojciech"]
[Result "0-1"]
[ECO "E09"]
[WhiteElo "1590"]
[BlackElo "2082"]
[Annotator "TA"]
[PlyCount "92"]
[EventDate "2022.09.17"]
[EventCountry "POL"]
[SourceTitle "playchess.com"]
[Source "ChessBase"]
[SourceQuality "1"]
[TimeControl "900+10"]

1. d4 d5 2. c4 e6 3. Nf3 c6 4. Nbd2 Nf6 5. g3 Nbd7 6. Bg2 Be7 7. O-O O-O 8. Qc2 b6 9. e4 Bb7 10. e5 Ne8 11. cxd5 cxd5 12. Re1 Rc8 13. Qa4 {[%emt 0:00:04] E09: Closed Catalan: Main Line: 7 Qc2 c6 8 Nbd2.} Nc7 14. h4 a5 15. Nf1 {[%emt 0:02:19] White is slightly better.} Ba6 16. Bg5 {[%emt 0:01:29] [#]} Bd3 $146 ({Predecessor:} 16... Re8 17. Rac1 Nf8 18. Qb3 Na8 19. Ne3 Rxc1 20. Rxc1 Qb8 21. Bf1 Bxf1 22. Kxf1 h6 23. Bxe7 Rxe7 {1-0 (74) Ibrahimov,R (2532)-Mirzoev,A (2481) Konya 2011}) 17. Rac1 h6 18. Bxe7 Qxe7 19. Rc3 Bb5 20. Qc2 Nb8 (20... Bc4 $11) 21. Rc1 (21. a4 $16 Be8 22. Rc1) 21... Nba6 (21... Bc4 $11) 22. a3 Qd7 (22... Bd7 $14) 23. Ne3 $16 Rb8 24. b3 (24. Rxc7 $2 Nxc7 25. Ne1 (25. Qxc7 $2 Rbc8 $19) 25... Rfc8 $17) (24. Bh3 $16) 24... a4 ({Black should try} 24... Qe7 $14) 25. Bf1 ({Reject} 25. bxa4 $6 Bxa4 26. Qb2 (26. Rxc7 $2 Nxc7 27. Qd3 Rfc8 $19) 26... Nb5 $11) (25. b4 $16) 25... Rb7 (25... Bxf1 $11 26. Rxf1 (26. Kxf1 Nb5 $15) 26... Nb5) 26. bxa4 Bxa4 27. Qb2 Rfb8 28. Nc2 (28. Ng4 $16) 28... Nb5 $11 29. Re3 Rc7 30. Nb4 Rxc1 31. Qxc1 Nxb4 32. axb4 Rc8 33. Qa1 Na7 34. Ra3 b5 35. Bxb5 Nxb5 36. Rxa4 Rc4 (36... Qc6 $11 {remains equal.}) 37. Qb1 (37. Ra8+ $16 Rc8 38. Qa6) 37... g6 38. Ra8+ Kg7 $1 39. Qb2 Qc6 {[%emt 0:00:14][%mdl 1024] Black has compensation.} 40. Ra2 Rc1+ (40... Rc3 $5 41. Kg2 Qc4 $15) 41. Kg2 Qc4 {[%emt 0:00:45] [#] ( -> ...Qf1+)} 42. Nd2 {[%emt 0:00:19] Prevents Qf1+.} Qc7 43. Nb3 Rc4 44. Ra5 $2 (44. Qd2 $11) 44... Rxb4 $19 {[%emt 0:00:10] ...Qxa5 is the strong threat.} 45. Qe2 $2 {[%emt 0:00:10] [#]} (45. Ra8 {was the crucial defense.}) 45... Nxd4 ({Inferior is} 45... Rxb3 46. Rxb5 Rxb5 47. Qxb5 $11) 46. Nxd4 Qxa5 {[%emt 0:00:08] Weighted Error Value: White=0.44/Black=0.24 (precise)} 0-1